| TOP OF THE 1ST |
|
Spokane River Rats batting - Pitching for Nashville Sounds : RHP Chris Bosio
|
|
Pitching: RHP Chris Bosio
|
|
|
Batting: LHB Andy Fox
|
0-0: Foul Ball, location: 2F 0-1: Ball 1-1: Swinging Strike 1-2: Ball 2-2: Ground out U3 (Groundball, 3L, EV 106.9 MPH)
|
|
Batting: SHB Chris Latham
|
0-0: Ball 1-0: Ball 2-0: SINGLE (Groundball, 6MD, EV 96.3 MPH)
|
|
Batting: LHB Michael Tucker
|
0-0: Ball Wild Pitch! Chris Latham to second 1-0: Ball 2-0: Fly out, F7 (Flyball, 78M, EV 76.3 MPH)
|
|
Batting: SHB Gene Kingsale
|
0-0: Called Strike 0-1: Fly out, F8 (Flyball, 8RM, EV 93.1 MPH)
|
| Top of the 1st over - 0 runs, 1 hit, 0 errors, 1 left on base; Spokane 0 - Nashville 0 |
| BOTTOM OF THE 1ST |
|
Nashville Sounds batting - Pitching for Spokane River Rats : LHP Scott Eyre
|
|
Pitching: LHP Scott Eyre
|
|
|
Batting: LHB Dion James
|
0-0: SINGLE (Line Drive, 89S, EV 91.3 MPH)
|
|
Batting: LHB Larry Sutton
|
0-0: Foul Ball, location: 2F 0-1: Ball 1-1: Fly out, F9 (Flyball, 9D, EV 93.8 MPH) Runner from 1st tags up, SAFE at 2nd
|
|
Batting: RHB Danny Bautista
|
0-0: SINGLE (Groundball, 34D, EV 104.4 MPH) Dion James to third Runner from 3rd tries for Home, SAFE, no throw by RF
|
|
Batting: RHB Paul Konerko
|
0-0: Called Strike Danny Bautista steals 2nd base 0-1: Foul Ball, location: 2F 0-2: SINGLE (Groundball, 6MD, EV 106.9 MPH) Danny Bautista to third Runner from 3rd tries for Home, SAFE, throw by CF to home
|
|
Batting: RHB Eli Marrero
|
0-0: Called Strike 0-1: Ball 1-1: Ball 2-1: Foul Ball, location: 2F 2-2: Ball 3-2: SINGLE (Line Drive, 3D, EV 106.9 MPH) Paul Konerko to second
|
|
Batting: RHB George Arias
|
0-0: Ball 1-0: Called Strike 1-1: Ball 2-1: Fly out, F9 (Flyball, 9S, EV 85.6 MPH)
|
|
Batting: LHB Jeff Branson
|
0-0: Ball 1-0: Foul Ball, location: 2F 1-1: Called Strike 1-2: Strikes out swinging
|
| Bottom of the 1st over - 2 runs, 4 hits, 0 errors, 2 left on base; Spokane 0 - Nashville 2 |
| TOP OF THE 2ND |
|
Spokane River Rats batting - Pitching for Nashville Sounds : RHP Chris Bosio
|
|
Batting: RHB Tony Rodriguez
|
0-0: Foul Ball, location: 2F 0-1: Ball 1-1: Foul Ball, location: 2F 1-2: Fly out, F2 (Popup, 23F, EV 82.5 MPH)
|
|
Batting: SHB Luis M. Lopez
|
0-0: Ball 1-0: Ball 2-0: Foul Ball, location: 2F 2-1: Ground out 6-3 (Groundball, 6S, EV 85.6 MPH)
|
|
Batting: RHB Mark Dalesandro
|
0-0: Foul Ball, location: 2F 0-1: Ball 1-1: Swinging Strike 1-2: Ball 2-2: Foul Ball, location: 2F 2-2: Foul Ball, location: 2F 2-2: Strikes out looking
|
| Top of the 2nd over - 0 runs, 0 hits, 0 errors, 0 left on base; Spokane 0 - Nashville 2 |
| BOTTOM OF THE 2ND |
|
Nashville Sounds batting - Pitching for Spokane River Rats : LHP Scott Eyre
|
|
Batting: RHB Adam Riggs
|
0-0: Ball 1-0: Ball 2-0: Called Strike 2-1: Fly out, F9 (Flyball, 89D, EV 103.8 MPH)
|
|
Batting: SHB Felix Martinez
|
0-0: Ball 1-0: Called Strike 1-1: SINGLE (Groundball, 34D, EV 101.9 MPH)
|
|
Batting: LHB Dion James
|
0-0: Foul Ball, location: 2F 0-1: Ball 1-1: Ball 2-1: Foul Ball, location: 2F 2-2: Foul Ball, location: 2F 2-2: Ball 3-2: Fly out, F8 (Flyball, 8LXD, EV 105.6 MPH)
|
|
Batting: LHB Larry Sutton
|
0-0: Ball Wild Pitch! Felix Martinez to second 1-0: Called Strike 1-1: Foul Ball, location: 2F 1-2: Strikes out looking
|
| Bottom of the 2nd over - 0 runs, 1 hit, 0 errors, 1 left on base; Spokane 0 - Nashville 2 |
| TOP OF THE 3RD |
|
Spokane River Rats batting - Pitching for Nashville Sounds : RHP Chris Bosio
|
|
Batting: SHB Doug Brady
|
0-0: Ball 1-0: Ball 2-0: Foul Ball, location: 2F 2-1: Swinging Strike 2-2: Foul Ball, location: 2F 2-2: Ball 3-2: Strikes out looking
|
|
Batting: RHB Jose Lind
|
0-0: Ball 1-0: Ball 2-0: Called Strike 2-1: Foul Ball, location: 2F 2-2: Ball 3-2: Foul Ball, location: 2F 3-2: Base on Balls
|
|
Batting: LHB Andy Fox
|
0-0: Called Strike 0-1: SINGLE (Groundball, 3S, EV 71.3 MPH) (infield hit) Jose Lind to second
|
|
Batting: SHB Chris Latham
|
0-0: Called Strike 0-1: Ball 1-1: Ball 2-1: Called Strike 2-2: Ball 3-2: Foul Ball, location: 2F 3-2: Base on Balls Jose Lind to third Andy Fox to second
|
|
Batting: LHB Michael Tucker
|
0-0: Grounds into double play, 6-4-3 (Groundball, 6, EV 83.1 MPH)
|
| Top of the 3rd over - 0 runs, 1 hit, 0 errors, 2 left on base; Spokane 0 - Nashville 2 |
| BOTTOM OF THE 3RD |
|
Nashville Sounds batting - Pitching for Spokane River Rats : LHP Scott Eyre
|
|
Batting: RHB Danny Bautista
|
0-0: Ball 1-0: Ball 2-0: SINGLE (Line Drive, 78S, EV 108.1 MPH)
|
|
Batting: RHB Paul Konerko
|
0-0: Ball 1-0: Foul Ball, location: 2F 1-1: Ball 2-1: Called Strike 2-2: Strikes out looking
|
|
Batting: RHB Eli Marrero
|
0-0: Ball 1-0: Ball 2-0: Called Strike 2-1: SINGLE (Groundball, 4MD, EV 105.0 MPH) Danny Bautista to second
|
|
Batting: RHB George Arias
|
0-0: Called Strike 0-1: Ball 1-1: Swinging Strike 1-2: Strikes out swinging
|
|
Batting: LHB Jeff Branson
|
0-0: Called Strike 0-1: Foul Ball, location: 2F 0-2: Strikes out swinging
|
| Bottom of the 3rd over - 0 runs, 2 hits, 0 errors, 2 left on base; Spokane 0 - Nashville 2 |
| TOP OF THE 4TH |
|
Spokane River Rats batting - Pitching for Nashville Sounds : RHP Chris Bosio
|
|
Batting: SHB Gene Kingsale
|
0-0: Ball 1-0: Fly out, F8 (Line Drive, 8RD, EV 85.6 MPH)
|
|
Batting: RHB Tony Rodriguez
|
0-0: Ball 1-0: Fly out, F4 (Popup, 4M, EV 70.6 MPH)
|
|
Batting: SHB Luis M. Lopez
|
0-0: Called Strike 0-1: Ball 1-1: Ball 2-1: Ball 3-1: Called Strike 3-2: Strikes out swinging
|
| Top of the 4th over - 0 runs, 0 hits, 0 errors, 0 left on base; Spokane 0 - Nashville 2 |
| BOTTOM OF THE 4TH |
|
Nashville Sounds batting - Pitching for Spokane River Rats : LHP Scott Eyre
|
|
Batting: RHB Adam Riggs
|
0-0: Foul Ball, location: 2F 0-1: Ball 1-1: Ball 2-1: Ball 3-1: Base on Balls
|
|
Batting: SHB Felix Martinez
|
0-0: Ball 1-0: Ball 2-0: SINGLE (Groundball, 6MD, EV 96.9 MPH) Adam Riggs to second
|
|
Batting: LHB Dion James
|
0-0: Ball 1-0: SINGLE (Groundball, 6MD, EV 108.8 MPH) Adam Riggs to third Felix Martinez to second
|
|
Batting: LHB Larry Sutton
|
0-0: Ball 1-0: Ball 2-0: Swinging Strike 2-1: Fly out, F8 (Line Drive, 8LD, EV 105.6 MPH) Runner from 3rd tags up, SCORES, no throw by CF
|
|
Batting: RHB Danny Bautista
|
0-0: Called Strike 0-1: Ball 1-1: Called Strike 1-2: SINGLE (Groundball, 56, EV 103.8 MPH) Felix Martinez to third Dion James to second Runner from 3rd tries for Home, SAFE, no throw by LF
|
|
Batting: RHB Paul Konerko
|
0-0: Called Strike 0-1: SINGLE (Line Drive, 4MD, EV 97.5 MPH) Dion James to third Danny Bautista to second
|
|
Batting: RHB Eli Marrero
|
0-0: Ball 1-0: Swinging Strike 1-1: Swinging Strike 1-2: Ball 2-2: Strikes out swinging
|
|
Batting: RHB George Arias
|
0-0: Ball 1-0: Ball 2-0: Called Strike 2-1: SINGLE (Groundball, 34D, EV 103.8 MPH) Dion James scores Danny Bautista to third Paul Konerko to second Runner from 3rd tries for Home, SAFE, throw by RF to home
|
|
Pitching: RHP Doug Brocail
|
|
|
Batting: LHB Jeff Branson
|
0-0: Called Strike 0-1: Swinging Strike 0-2: Strikes out swinging
|
| Bottom of the 4th over - 4 runs, 5 hits, 0 errors, 2 left on base; Spokane 0 - Nashville 6 |
| TOP OF THE 5TH |
|
Spokane River Rats batting - Pitching for Nashville Sounds : RHP Chris Bosio
|
|
Batting: RHB Mark Dalesandro
|
0-0: Called Strike 0-1: Foul Ball, location: 2F 0-2: Hit by Pitch
|
|
Batting: SHB Doug Brady
|
0-0: Fly out, F7 (Line Drive, 7D, EV 94.4 MPH)
|
|
Batting: RHB Jose Lind
|
0-0: Ball Wild Pitch! Mark Dalesandro to second 1-0: Ground out 1-3 (Groundball, 13S, EV 76.3 MPH) Mark Dalesandro to third
|
|
Batting: LHB Andy Fox
|
0-0: Called Strike 0-1: Ball 1-1: Foul Ball, location: 2F 1-2: SINGLE (Groundball, 34D, EV 97.5 MPH) Mark Dalesandro scores
|
|
Batting: SHB Chris Latham
|
0-0: Ground out 5-3 (Groundball, 5S, EV 86.3 MPH)
|
| Top of the 5th over - 1 run, 1 hit, 0 errors, 1 left on base; Spokane 1 - Nashville 6 |
| BOTTOM OF THE 5TH |
|
Nashville Sounds batting - Pitching for Spokane River Rats : RHP Doug Brocail
|
|
Batting: RHB Adam Riggs
|
0-0: Ball 1-0: Ball 2-0: Called Strike 2-1: Called Strike 2-2: SINGLE (Groundball, 56D, EV 110.6 MPH)
|
|
Batting: SHB Felix Martinez
|
0-0: Ball 1-0: Called Strike 1-1: Ball 2-1: Ball 3-1: Base on Balls Adam Riggs to second
|
|
Batting: LHB Dion James
|
0-0: Called Strike 0-1: Ball 1-1: Foul Ball, location: 2F 1-2: Strikes out swinging
|
|
Batting: LHB Larry Sutton
|
0-0: Ball 1-0: Foul Ball, location: 2F 1-1: SINGLE (Line Drive, 34D, EV 102.5 MPH) Adam Riggs to third Felix Martinez to second Runner from 3rd tries for Home, SAFE, throw by RF to home
|
|
Batting: RHB Danny Bautista
|
0-0: Swinging Strike 0-1: Foul Ball, location: 2F 0-2: Strikes out looking
|
|
Batting: RHB Paul Konerko
|
0-0: Called Strike 0-1: Ball 1-1: Ball 2-1: Ball 3-1: Base on Balls Felix Martinez to third Larry Sutton to second
|
|
Batting: RHB Eli Marrero
|
0-0: Swinging Strike 0-1: Foul Ball, location: 2F 0-2: Foul Ball, location: 2F 0-2: Ball 1-2: Ball 2-2: Strikes out swinging
|
| Bottom of the 5th over - 1 run, 2 hits, 0 errors, 3 left on base; Spokane 1 - Nashville 7 |
| TOP OF THE 6TH |
|
Spokane River Rats batting - Pitching for Nashville Sounds : RHP Chris Bosio
|
|
Batting: LHB Michael Tucker
|
0-0: Foul Ball, location: 2F 0-1: Fly out, F9 (Flyball, 9S, EV 80.6 MPH)
|
|
Batting: SHB Gene Kingsale
|
0-0: Swinging Strike 0-1: Reached on error, E3 (Groundball, 3, EV 87.5 MPH)
|
|
Batting: RHB Tony Rodriguez
|
0-0: Fly out, F3 (Line Drive, 3, EV 64.4 MPH)
|
|
Batting: SHB Luis M. Lopez
|
0-0: Called Strike 0-1: Ball 1-1: SINGLE (Flyball, 56D, EV 90.0 MPH) Gene Kingsale to second
|
|
Batting: RHB Mark Dalesandro
|
0-0: Ball 1-0: Called Strike 1-1: Called Strike 1-2: Ball 2-2: Ground out 5-3 (Groundball, 56S, EV 84.4 MPH)
|
| Top of the 6th over - 0 runs, 1 hit, 1 error, 2 left on base; Spokane 1 - Nashville 7 |
| BOTTOM OF THE 6TH |
|
Nashville Sounds batting - Pitching for Spokane River Rats : RHP Doug Brocail
|
|
Batting: RHB George Arias
|
0-0: Fly out, F8 (Flyball, 8LM, EV 96.3 MPH)
|
|
Batting: LHB Jeff Branson
|
0-0: Ball 1-0: Ball 2-0: Fly out, F9 (Flyball, 9LSF, EV 83.8 MPH)
|
|
Batting: RHB Adam Riggs
|
0-0: Foul Ball, location: 2F 0-1: Ball 1-1: Foul Ball, location: 2F 1-2: Ball 2-2: Strikes out swinging
|
| Bottom of the 6th over - 0 runs, 0 hits, 0 errors, 0 left on base; Spokane 1 - Nashville 7 |
| TOP OF THE 7TH |
|
Spokane River Rats batting - Pitching for Nashville Sounds : RHP Chris Bosio
|
|
Batting: SHB Doug Brady
|
0-0: Foul Ball, location: 2F 0-1: Ground out 6-3 (Groundball, 6M, EV 85.0 MPH)
|
|
Batting: RHB Jose Lind
|
0-0: Called Strike 0-1: Called Strike 0-2: Ball 1-2: Ground out 6-3 (Groundball, 6, EV 87.5 MPH)
|
|
Batting: LHB Andy Fox
|
0-0: Called Strike 0-1: Foul Ball, location: 2F 0-2: Ball 1-2: Foul Ball, location: 2F 1-2: Ball 2-2: Fly out, F8 (Flyball, 78M, EV 78.8 MPH)
|
| Top of the 7th over - 0 runs, 0 hits, 0 errors, 0 left on base; Spokane 1 - Nashville 7 |
| BOTTOM OF THE 7TH |
|
Nashville Sounds batting - Pitching for Spokane River Rats : RHP Doug Brocail
|
|
Batting: SHB Felix Martinez
|
0-0: Ball 1-0: Called Strike 1-1: Ground out 4-3 (Groundball, 4, EV 91.3 MPH)
|
|
Batting: LHB Dion James
|
0-0: Called Strike 0-1: Ground out 1-3 (Groundball, 13S, EV 70.6 MPH)
|
|
Batting: LHB Larry Sutton
|
0-0: Ball 1-0: SINGLE (Groundball, 56D, EV 97.5 MPH)
|
|
Batting: RHB Danny Bautista
|
0-0: Called Strike 0-1: Foul Ball, location: 2F 0-2: Ball 1-2: Foul Ball, location: 2F 1-2: Foul Ball, location: 2F 1-2: DOUBLE (Line Drive, 5D, EV 97.5 MPH) Larry Sutton to third
|
|
Batting: RHB Paul Konerko
|
0-0: Ball 1-0: Swinging Strike 1-1: 3-RUN HOME RUN (Flyball, 78XD, EV 93.8 MPH), Distance : 423 ft
|
|
Batting: RHB Eli Marrero
|
0-0: Ball 1-0: Fly out, F9 (Line Drive, 9D, EV 92.5 MPH)
|
| Bottom of the 7th over - 3 runs, 3 hits, 0 errors, 0 left on base; Spokane 1 - Nashville 10 |
| TOP OF THE 8TH |
|
Spokane River Rats batting - Pitching for Nashville Sounds : RHP Chris Bosio
|
|
Batting: SHB Chris Latham
|
0-0: Ball 1-0: Called Strike 1-1: Ball 2-1: Swinging Strike 2-2: Foul Ball, location: 2F 2-2: Strikes out looking
|
|
Pinch Hitting: SHB Devon White
|
0-0: Called Strike 0-1: Swinging Strike 0-2: Strikes out looking
|
|
Batting: SHB Gene Kingsale
|
0-0: Ball 1-0: Called Strike 1-1: Called Strike 1-2: Ball 2-2: Strikes out looking
|
| Top of the 8th over - 0 runs, 0 hits, 0 errors, 0 left on base; Spokane 1 - Nashville 10 |
| BOTTOM OF THE 8TH |
|
Nashville Sounds batting - Pitching for Spokane River Rats : RHP Doug Brocail
|
|
Pitching: RHP Anthony Chavez
|
|
|
Now in RF: John Mabry
|
|
|
Batting: RHB George Arias
|
0-0: Swinging Strike 0-1: Ball 1-1: Ball 2-1: Ball 3-1: Swinging Strike 3-2: Fly out, F9 (Flyball, 9, EV 78.1 MPH)
|
|
Batting: LHB Jeff Branson
|
0-0: Ball 1-0: Ground out 5-3 (Groundball, 56, EV 100.6 MPH)
|
|
Batting: RHB Adam Riggs
|
0-0: Ball 1-0: Ball 2-0: Ball 3-0: Base on Balls
|
|
Batting: SHB Felix Martinez
|
0-0: Ball 1-0: Reached via error on a dropped throw from P, E3 (Groundball, 15S, EV 67.5 MPH) Adam Riggs to second
|
|
Batting: LHB Dion James
|
0-0: Called Strike 0-1: Swinging Strike 0-2: Ground out 3-1 (Groundball, 3L, EV 111.9 MPH)
|
| Bottom of the 8th over - 0 runs, 0 hits, 1 error, 2 left on base; Spokane 1 - Nashville 10 |
| TOP OF THE 9TH |
|
Spokane River Rats batting - Pitching for Nashville Sounds : RHP Chris Bosio
|
|
Batting: RHB Tony Rodriguez
|
0-0: Ball 1-0: Foul Ball, location: 2F 1-1: Called Strike 1-2: Ball 2-2: DOUBLE (Line Drive, 7LM, EV 94.4 MPH)
|
|
Batting: SHB Luis M. Lopez
|
0-0: Called Strike 0-1: Called Strike 0-2: Ball 1-2: Ball 2-2: Foul Ball, location: 2F 2-2: SINGLE (Groundball, 4D, EV 100.6 MPH) Tony Rodriguez to third
|
|
Pitching: RHP Don Wengert
|
|
|
Batting: RHB Mark Dalesandro
|
0-0: Ball 1-0: Foul Ball, location: 2F 1-1: Fly out, F4 (Popup, 4S, EV 70.0 MPH)
|
|
Batting: SHB Doug Brady
|
0-0: Fielders Choice at 2nd, 4-6 (Groundball, 34, EV 86.3 MPH) Tony Rodriguez scores
|
|
Batting: RHB Jose Lind
|
0-0: Ball 1-0: Ball 2-0: Called Strike 2-1: Ball 3-1: Called Strike 3-2: Foul Ball, location: 2F 3-2: Ground out U3 (Groundball, 34S, EV 83.8 MPH)
|
| Top of the 9th over - 1 run, 2 hits, 0 errors, 1 left on base; Spokane 2 - Nashville 10 |
|